 Dungeon Crawl Stone Soup version 0.25.1-2-g60ff931df9 (webtiles) character file.

Game seed: 10140011633016585466

109 Asymodius the Skirmisher (level 4, -1/35 HPs)
             Began as a Demonspawn Chaos Knight on Oct 27, 2020.
             Was a Plaything of Xom.
             Succumbed to a scorpion's poison
             ... on level 4 of the Dungeon.
             The game lasted 00:12:29 (2890 turns).

Asymodius the Skirmisher (Demonspawn Chaos Knight)  Turns: 2890, Time: 00:12:30

Health: -1/35      AC:  6    Str: 10 (13) XL:     4   Next: 59%
Magic:  3/3        EV:  3    Int: 13      God:    Xom [*.....]
Gold:   150        SH: 10    Dex: 11      Spells: 3/3 levels left

rFire    . . .     SeeInvis .   b - +1 dagger (speed)
rCold    . . .     Gourm    .   e - +0 tower shield
rNeg     . . .     Faith    .   g - +0 scale mail
rPois    .         Spirit   .   (no helmet)
rElec    .         Reflect  .   (no cloak)
rCorr    .         Harm     .   (no gloves)
MR       .....                  (no boots)
Stlth    ..........             (no amulet)
HPRegen  0.11/turn              (no ring)
MPRegen  0.08/turn              (no ring)

@: brilliant, lethally poisoned (-1 -> -15)
A: talons 1, clumsy 1, low mp 1, rot immunity
a: Renounce Religion


You were on level 4 of the Dungeon.
You worshipped Xom.
You were a special plaything of Xom.
You were hungry.

You visited 1 branch of the dungeon, and saw 4 of its levels.

You collected 150 gold pieces.

Inventory:

Hand Weapons
 a - a +0 mace of chaos
 b - a +1 dagger of speed (weapon)
Armour
 d - a +2 leather armour
 e - a +0 tower shield (worn)
 g - a +0 scale mail (worn)
Scrolls
 f - a scroll of random uselessness {unknown}
 h - a scroll of blinking {unknown}
 i - a scroll of remove curse
 k - 3 scrolls of identify
Potions
 j - a potion of might
Comestibles
 c - 4 rations
 m - 6 chunks of flesh


   Skills:
 + Level 3.5 Fighting
 + Level 2.1 Short Blades
 + Level 3.2 Maces & Flails
 + Level 2.4 Armour
 + Level 1.0 Dodging
 + Level 0.9 Shields


You had 3 spell levels left.
You didn't know any spells.
Your spell library was empty.

Dungeon Overview and Level Annotations

Branches:
Dungeon (4/15)
 Temple: D:4-7

Altars:

Annotations:
D:3 Sigmund


Innate Abilities, Weirdness & Mutations

You have sharp toenails.
You are immune to rotting.
You are clumsy. (Dex -2)
Your magical capacity is low. (-10% MP)


Message History

* * * LOW HITPOINT WARNING * * *
It was a potion of brilliance.
You feel clever all of a sudden.
Xom roars with laughter!
* * * LOW HITPOINT WARNING * * *
You feel sick. The scorpion stings you.
* * * LOW HITPOINT WARNING * * *
As you read the scroll labeled VAEDDACU GUTEHY, it crumbles to dust.
It is a scroll of identify.
i - a scroll of remove curse
* * * LOW HITPOINT WARNING * * *
You feel sick. You block the scorpion's attack.
As you read the scroll labeled FANYOGAKEA, it crumbles to dust.
You assume a fearsome visage.
The scorpion looks frightened!
The worm looks frightened!
The quokka looks frightened!
It was a scroll of fear.
* * * LOW HITPOINT WARNING * * *
You feel sick.
You die...
Xom guffaws!

# . #. .## #..
..# ##..##+#.#
.........#######
.........#r..@<#
......)..#s#####
..$......w.#
..>........#
####....#..#
#....#..#
#....##>..
#....##.###
#######..


You could see a scorpion (fleeing) and a quokka (fleeing).

Vanquished Creatures
  3 adders (D:2)
  An ooze (D:1)
  2 worms (D:2)
  2 dart slugs
  2 leopard geckos
  An orc (D:3)
  4 bats
  4 giant cockroaches
  10 hobgoblins
  6 kobolds
  3 quokkas
  6 frilled lizards
  6 goblins
  15 rats
65 creatures vanquished.

Notes
Turn   | Place    | Note
-------+----------+-------------------------------------------
     0 | D:1      | Asymodius the Demonspawn Chaos Knight began the quest for
                  | the Orb.
     0 | D:1      | Reached XP level 1. HP: 18/18 MP: 1/1
    49 | D:1      | XOM: potion effect (haste)
    53 | D:1      | XOM: silly message
   182 | D:1      | Gained mutation: You are immune to rotting. [demonic
                  | ancestry]
   182 | D:1      | Reached XP level 2. HP: 22/24 MP: 2/2
   221 | D:1      | XOM: silly message
   238 | D:1      | XOM: 1-stop teleportation journey
   751 | D:1      | Reached XP level 3. HP: 29/29 MP: 3/3
   870 | D:1      | XOM: give mutations
   870 | D:1      | Gained mutation: You are clumsy. (Dex -2) [Xom's mischief]
   870 | D:1      | Gained mutation: Your magical capacity is low. (-10% MP)
                  | [Xom's mischief]
   887 | D:1      | XOM: chaos upgrade
  1312 | D:2      | Reached skill level 1 in Short Blades
  1557 | D:2      | Reached skill level 1 in Dodging
  1787 | D:2      | Gained mutation: You have sharp toenails. [demonic
                  | ancestry]
  1787 | D:2      | Reached XP level 4. HP: 33/35 MP: 3/3
  2308 | D:2      | XOM: noise
  2784 | D:3      | XOM is BORED!
  2784 | D:3      | XOM: stat loss: -3 Str (10/13)
  2813 | D:3      | Noticed Sigmund
  2820 | D:3      | XOM: confuse monster(s)
  2888 | D:4      | HP: 1/35 [poisoned by a scorpion]
  2890 | D:4      | Succumbed to a scorpion's poison

Illustrated notes

Levels and vault maps discovered:
D:1:      psy_arrival_whirlpool, layout_basic
D:2:      layout_loops_ring, first_ration, corexii_leaking_fountain
D:3:      layout_basic, kennysheep_generic_room_5, uniq_sigmund
D:4:      layout_basic, lemuel_doored_altar, minmay_temple_entry_junction,
          serial_park_tiny_1, nicolae_tso_carved_into_rock

Skill      XL: |  1  2  3  4 |
---------------+-------------+-----
Maces & Flails | 3 |  3.2
Armour         | 2 |  2.4
Short Blades   | 1 2 |  2.1
Dodging        | 1 |  1.0
Fighting       | |  3.5
Shields        | |  0.9

Action                   |  1- 3 |  4- 6 || total
-------------------------+-------+-------++-------
Melee: Mace              |    12 |       ||    12
       Dagger            |   237 |    80 ||   317
       Kick              |       |    19 ||    19
  Use: Scroll            |       |     3 ||     3
       Potion            |       |     2 ||     2
  Eat: Chunk             |     3 |     3 ||     6
Armor: Leather armour    |     4 |       ||     4
       Scale mail        |    74 |    13 ||    87
Dodge: Dodged            |    25 |     4 ||    29
Block: Tower shield      |    74 |    36 ||   110
